 Dungeon Crawl Stone Soup version 0.31.0-32-g396128a36d (webtiles) character file.

Game seed: 16516284701665620164

2527 hawla the Arsonist (level 9, -2/45 HPs)
             Began as a Deep Elf Fire Elementalist on Apr 17, 2024.
             Was an Initiate of Vehumet.
             Succumbed to an orc warrior's poison
             ... on level 7 of the Dungeon on Apr 18, 2024.
             The game lasted 00:15:40 (6907 turns).

hawla the Arsonist (Deep Elf Fire Elementalist)     Turns: 6907, Time: 00:15:42

Health: -2/45      AC:  5    Str:  5    XL:     9   Next: 29%
Magic:  0/15       EV: 12    Int: 31    God:    Vehumet [......]
Gold:   414        SH:  0    Dex: 15    Spells: 7/14 levels left

rFire   . . .        v - +5 dagger
rCold   . . .        (no shield)
rNeg    . . .        a - +1 robe
rPois   .            p - +0 helmet
rElec   .            b - +0 cloak
rCorr   .            (no gloves)
SInv    .            (no boots)
Will    .....        (no amulet)
Stlth   ++           k - +6 ring of intelligence
HPRegen 0.27/turn    (no ring)
MPRegen 0.14/turn

%: no passive effects
@: lethally poisoned (-2 -> -14)
A: no striking features
a: Renounce Religion


You were on level 7 of the Dungeon.
You worshipped Vehumet.
Vehumet was noncommittal.
You visited 2 branches of the dungeon, and saw 8 of its levels.

You collected 414 gold pieces.

Inventory:

Hand Weapons
 v - a +5 dagger (weapon)
Armour
 a - a +1 robe (worn)
 b - a +0 cloak (worn)
 p - a +0 helmet (worn)
Jewellery
 k - a +6 ring of intelligence (left hand)
Wands
 l - a wand of mindburst (27) (quivered)
 x - a wand of charming (13)
 z - a wand of flame (25)
Scrolls
 c - 2 scrolls of identify
 f - 4 scrolls of revelation
 i - 2 scrolls of silence
 n - a scroll of poison {unknown}
 r - a scroll of noise {unknown}
 s - a scroll of blinking
 t - a scroll of fear {unknown}
 y - a scroll of vulnerability
Potions
 d - 3 potions of enlightenment
 j - a potion of might {unknown}
 o - a potion of haste {unknown}
 q - a potion of ambrosia {unknown}
 u - 2 potions of brilliance {unknown}
 w - a potion of mutation {unknown}


   Skills:
 - Level 2.4 Dodging
 - Level 2.4 Stealth
 - Level 3.0 Spellcasting
 - Level 1.1 Conjurations
 + Level 14.0 Fire Magic


You had 7 spell levels left.
You knew the following spells:

 Your Spells              Type           Power      Damage    Failure   Level
a - Foxfire               Conj/Fire      100%       2x1d9     1%          1
b - Scorch                Fire           100%       2d9       1%          2
c - Flame Wave            Conj/Fire      51%        2d13      3%          4

Your spell library contained the following spells:

 Spells                   Type           Power      Damage    Failure   Level
 Inner Flame              Hex/Fire       48%        N/A       1%          3
 Volatile Blastmotes      Fire/Tloc      96%        2d18      1%          3
 Summon Blazeheart Golem  Fire/Summ      48%        N/A       3%          4
 Freeze                   Ice            16%        1d4       7%          1
 Summon Small Mammal      Summ           16%        N/A       7%          1
 Static Discharge         Conj/Air       16%        3-4/arc   9%          2
 Sublimation of Blood     Necr           4%         N/A       10%         2
 Dazzling Flash           Conj/Hex       16%        N/A       16%         3
 Hailstorm                Conj/Ice       8%         3d5       16%         3
 Mephitic Cloud           Conj/Alch/Air  6%         N/A       17%         3
 Call Canine Familiar     Summ           4%         N/A       21%         3
 Frozen Ramparts          Ice            8%         1d2       21%         3
 Summon Ice Beast         Ice/Summ       4%         N/A       21%         3
 Airstrike                Air            2%         2d(1-17)  54%         4
 Petrify                  Alch/Erth      4%         N/A       54%         4
 Summon Lightning Spire   Summ/Air       4%         N/A       54%         4
 Irradiate                Conj/Alch      4%         3d13      83%         5
 Curse of Agony           Necr           4%         N/A       88%         5
 Silence                  Hex/Air        2%         N/A       88%         5
 Summon Mana Viper        Hex/Summ       4%         N/A       88%         5
 Monstrous Menagerie      Summ           2%         N/A       100%        7


Dungeon Overview and Level Annotations

Branches:
Dungeon (7/15)             Temple (1/1) D:7

Altars:
Dithmenos
Elyvilon
Gozag
Hepliaklqana
Kikubaaqudgha
Nemelex Xobeh
Okawaru
Ru
Sif Muna
Trog
Uskayaw
Vehumet
Wu Jian
Xom
Yredelemnul
Zin
The Shining One

Shops:
D:6 [

Annotations:
D:1 apport the loot
D:7 3 runed translucent doors, gummybears's ghost, novice TrFi


Message History

Okay, then.
As you read the scroll of torment, it crumbles to dust.
You feel a surge of unholy energy.
The orc warrior convulses!
You feel sick.
The orc warrior hits you with a +2 scimitar of venom.
* * * LOW HITPOINT WARNING * * *
The orc hits you but does no damage.
Unknown command.
You hit the orc but do no damage.
The orc is almost dead.
You feel sick. The orc warrior completely misses you.
The orc hits you but does no damage.
You closely miss the orc.
The orc is almost dead.
You feel sick.
You are no longer poisoned.
The orc warrior hits you but does no damage.
The orc hits you but does no damage.
Unknown command.
You barely miss the orc warrior.
You punch the orc warrior, but do no damage.
The orc warrior is severely wounded.
The orc warrior hits you but does no damage.
You are poisoned.
The orc hits you but does no damage.
Unknown command.
Casting: Foxfire (safe; 1% risk of failure)
Confirm with . or Enter, or press ? or * to list all spells.
You conjure some foxfire!
You feel sick.
The orc warrior hits you with a +2 scimitar of venom!
* * * LOW HITPOINT WARNING * * *
You are more poisoned.
The orc hits you but does no damage.
It was a potion of cancellation.
Your magical effects are unravelling.
You feel magically purged.
You feel less wooden.
Your +0 cloak unmelds from your body.
Your +0 helmet unmelds from your body.
Your +1 robe unmelds from your body.
Your enlightenment fades.
You die...

##...#########
##..#.#####
#.........#
#...#...#..##
#..###### ..##
###....### ...##
#....###.###....
#.#.vo#...#†.#
#...#@o.#...#
#..###v###.##
#.. ###..)# #..
###)# #.. ..#
#.. .## ##


You could see an orc warrior (ally target) and an orc (ally target).

Vanquished Creatures
  Grinder (D:2)
  A wyvern (D:5)
  Menkaure (D:5)
  3 water moccasins
  2 ice beasts
  A sky beast (D:7)
  2 bullfrogs
  4 scorpions
  8 wights (D:6)
  3 hounds
  6 jellies
  2 sleepcaps
  Ijyb (D:3)
  Terence (D:3)
  4 iguanas
  An orc wizard (D:7)
  Robin (D:3)
  7 adders
  A shadow imp (D:6)
  A white imp (D:5)
  An ufetubus (D:7)
  An adder zombie (D:3)
  A dart slug (D:5)
  11 orcs
  4 ball pythons
  2 bats
  4 endoplasms
  4 giant cockroaches
  19 goblins
  8 hobgoblins
  5 quokkas
  A ball python skeleton (D:3)
  3 frilled lizards
  A giant cockroach zombie (D:3)
  A jackal skeleton (D:3)
  A jackal zombie (D:3)
  8 kobolds
  A quokka zombie (D:3)
  7 rats
134 creatures vanquished.

Vanquished Creatures (others)
  An endoplasm (D:1)
  296 foxfires
297 creatures vanquished.

Grand Total: 431 creatures vanquished

Notes
Turn   | Place    | Note
-------+----------+-------------------------------------------
     0 | D:1      | hawla the Deep Elf Fire Elementalist began the quest for
                  | the Orb.
     0 | D:1      | Reached XP level 1. HP: 10/10 MP: 6/6
   144 | D:1      | Reached XP level 2. HP: 15/15 MP: 6/8
   147 | D:1      | Learned a level 2 spell: Scorch
   181 | D:1      | Reached skill level 4 in Fire Magic
   982 | D:2      | Reached XP level 3. HP: 19/19 MP: 4/9
  1650 | D:2      | Reached skill level 5 in Fire Magic
  1885 | D:3      | Noticed Grinder
  1894 | D:3      | Noticed Robin
  1968 | D:3      | Paralysed by Grinder for 3 turns
  1975 | D:2      | Killed Grinder
  1976 | D:2      | Reached skill level 7 in Fire Magic
  1976 | D:2      | Reached XP level 4. HP: 8/24 MP: 3/10
  1976 | D:2      | Reached XP level 5. HP: 10/28 MP: 3/11
  2077 | D:3      | Noticed Terence
  2082 | D:3      | Killed Terence
  2083 | D:3      | Reached XP level 6. HP: 27/32 MP: 3/12
  2253 | D:3      | Killed Robin
  2647 | D:3      | Noticed Ijyb
  2656 | D:3      | Killed Ijyb
  2657 | D:3      | Reached skill level 8 in Fire Magic
  2838 | D:3      | Found a faded altar of an unknown god.
  3253 | D:4      | Learned a level 4 spell: Flame Wave
  3495 | D:4      | Reached skill level 9 in Fire Magic
  3495 | D:4      | Reached XP level 7. HP: 36/36 MP: 5/13
  3801 | D:5      | Entered Level 5 of the Dungeon
  3978 | D:5      | Noticed Menkaure
  3986 | D:5      | Killed Menkaure
  4157 | D:5      | Found a glowing golden altar of the Shining One.
  4157 | D:5      | Found a glowing silver altar of Zin.
  4157 | D:5      | Found a hide-covered altar of Uskayaw.
  4161 | D:5      | Found an iron altar of Okawaru.
  4260 | D:5      | Reached skill level 10 in Fire Magic
  4423 | D:5      | Noticed a wyvern
  4428 | D:5      | Killed a wyvern
  4429 | D:5      | Reached skill level 11 in Fire Magic
  4429 | D:5      | Reached XP level 8. HP: 25/41 MP: 7/14
  5136 | D:6      | Reached skill level 12 in Fire Magic
  5668 | D:6      | Reached skill level 13 in Fire Magic
  5676 | D:6      | Reached XP level 9. HP: 45/45 MP: 1/15
  6004 | D:6      | Found Qusax's Antique Armour Emporium.
  6037 | D:6      | Found a shimmering altar of Xom.
  6038 | D:6      | Found a shimmering altar of Xom.
  6038 | D:6      | Found a shimmering altar of Xom.
  6038 | D:6      | Found a shimmering altar of Xom.
  6255 | D:7      | Found a staircase to the Ecumenical Temple.
  6269 | Temple   | Entered the Ecumenical Temple
  6288 | Temple   | Became a worshipper of Vehumet
  6533 | D:7      | Found a runed translucent gate.
  6535 | D:7      | Found a runed translucent gate.
  6536 | D:7      | Found a runed translucent gate.
  6538 | D:7      | Noticed gummybears's ghost (novice TrFi)
  6902 | D:7      | Reached skill level 14 in Fire Magic
  6906 | D:7      | HP: 1/67 [orc warrior/+2 scimitar of venom (7)]
  6907 | D:7      | Succumbed to an orc warrior's poison

Illustrated notes

Levels and vault maps discovered:
D:1:      lemuel_arrival_lava_pool, layout_basic, lemuel_flame_loot_1
D:2:      layout_loops_cross, nicolae_hexahallways, minivault_11, moated_statue,
          minmay_goblin_outpost
D:3:      layout_loops_ring, dreamdust_ecumenical_altar_angels_and_demons,
          serial_undead, serial_undead_d, serial_undead_c, serial_undead_a,
          serial_undead_e, serial_undead_a, serial_undead_b,
          kennysheep_nondescript, eino_tiny_chamber, uniq_grinder, uniq_robin,
          uniq_terence, uniq_ijyb
D:4:      layout_cave_pools
D:5:      layout_loops_ring, grunt_temple_overflow_open,
          chequers_serial_rivers_marsh, grunt_ministairs_8, nicolae_the_louvre,
          uniq_menkaure
D:6:      layout_cave_pods, xom_redecorated, serial_shops, shop
D:7:      layout_loops_ring, minmay_temple_entry_stoned_glass,
          biasface_ghost_orc_armoury, minmay_between
Temple:   nicolae_temple_slightly_damp_pantheon

Skill      XL: |  1  2  3  4  5  6  7  8  9 |
---------------+----------------------------+-----
Fire Magic     | 4 7 9 11 13 14 | 14.0
Dodging        | |  2.4
Stealth        | |  2.4
Spellcasting   | |  3.0
Conjurations   | |  1.1

Action                     |  1- 3 |  4- 6 |  7- 9 || total
---------------------------+-------+-------+-------++-------
  Melee: Unarmed           |     9 |     2 |     4 ||    15
         Dagger            |       |       |    14 ||    14
         Punch             |       |       |     1 ||     1
   Cast: Foxfire           |    70 |    43 |    54 ||   167
         Scorch            |    16 |    26 |    51 ||    93
         Flame Wave        |       |       |     4 ||     4
  Evoke: Wand              |       |       |     1 ||     1
    Use: Potion            |     2 |       |     7 ||     9
         Scroll            |     5 |     2 |     5 ||    12
   Stab: Sleeping          |     1 |       |       ||     1
 Armour: Robe              |     9 |    10 |    33 ||    52
         Skin              |       |       |    12 ||    12
  Dodge: Dodged            |    14 |     8 |    33 ||    55
